[Event "XLIV Sevilla Open 2019"]
[Site "Sevilla"]
[Date "2019.01.17"]
[Round "7"]
[White "Xu, Xiangyu"]
[Black "Campora, Daniel H."]
[Result "0-1"]
[ECO "D10"]
[WhiteElo "2567"]
[BlackElo "2417"]
[Annotator "RC"]
[PlyCount "82"]
[EventDate "2019.01.11"]
[EventType "swiss"]
[EventCountry "ESP"]
[SourceTitle "playchess.com"]
[Source "ChessBase"]
[SourceQuality "1"]
[TimeControl "5400+30"]

1. d4 d5 2. c4 c6 3. cxd5 cxd5 4. Bf4 Nc6 5. e3 Nf6 6. Nc3 e6 7. Bd3 Be7 8. Rc1 O-O 9. h3 b6 10. Nf3 Bb7 11. O-O Rc8 12. a3 a6 13. Na4 Nd7 14. b4 f6 15. Bg3 Na7 16. Qe2 Bc6 17. Bxa6 Bxa4 18. Bxc8 Bb5 19. Qc2 Qxc8 20. Rfe1 Qxc2 21. Rxc2 Bc4 22. e4 Kf7 23. exd5 exd5 24. Rc3 Ra8 25. Rce3 Bf8 26. Re6 Nb5 27. Rc6 Rxa3 28. Rc8 Bxb4 29. Rb1 Bd6 30. Nd2 Bxg3 31. fxg3 Bd3 32. Re1 Ra2 33. Rd8 Nf8 34. Nf3 Be4 35. Rc1 Ne6 36. Rd7+ Kg6 37. Nh4+ Kh6 38. Rc6 Nbxd4 39. Rxb6 Nc5 40. Re7 Nd3 41. Rbb7 g5 0-1

[Event "XLIV Sevilla Open 2019"]
[Site "Sevilla"]
[Date "2019.01.17"]
[Round "7"]
[White "Grigoryan, Karen H."]
[Black "Das, Arghyadip"]
[Result "0-1"]
[ECO "A08"]
[WhiteElo "2557"]
[BlackElo "2431"]
[Annotator "ChessBase"]
[PlyCount "100"]
[EventDate "2019.01.11"]
[EventType "swiss"]
[EventCountry "ESP"]
[SourceTitle "playchess.com"]
[Source "ChessBase"]
[SourceQuality "1"]
[TimeControl "5400+30"]

1. Nf3 d5 2. g3 c5 3. Bg2 Nc6 4. O-O e5 5. d3 Nf6 6. Nbd2 Be7 7. e4 O-O 8. exd5 Nxd5 9. Re1 f6 10. c3 Nc7 11. Nb3 Be6 12. Be3 b6 13. d4 exd4 14. Bf4 Bd6 15. Nfxd4 cxd4 16. Bxc6 Bxf4 17. Bxa8 Qxa8 18. gxf4 dxc3 19. bxc3 Bh3 20. f3 Ne6 21. f5 Ng5 22. Nd4 Rd8 23. Qd3 Qd5 24. Re2 Nf7 25. Qe4 Ne5 26. Qxd5+ Rxd5 27. f4 Nd3 28. Re3 Nxf4 29. Rf3 g5 30. fxg6 Rg5+ 31. Kf2 Rg2+ 32. Ke3 Nd5+ 33. Ke4 Rxh2 34. gxh7+ Kxh7 35. Kxd5 Bg2 36. Kc4 Bxf3 37. Nxf3 Rh5 38. Nd4 Kg6 39. Re1 Kf7 40. a4 Rc5+ 41. Kb4 f5 42. Rf1 Kf6 43. Rxf5+ Rxf5 44. Nxf5 Kxf5 45. Kb5 Ke6 46. Ka6 Kd6 47. Kxa7 Kc6 48. Kb8 Kd6 49. Kb7 Kc5 50. c4 Kd4 0-1

[Event "XLIV Sevilla Open 2019"]
[Site "Sevilla"]
[Date "2019.01.17"]
[Round "7"]
[White "Vasquez Schroeder, Rodrigo"]
[Black "Lei, Tingjie"]
[Result "1/2-1/2"]
[ECO "D02"]
[WhiteElo "2499"]
[BlackElo "2447"]
[Annotator "ChessBase"]
[PlyCount "80"]
[EventDate "2019.01.11"]
[EventType "swiss"]
[EventCountry "ESP"]
[SourceTitle "playchess.com"]
[Source "ChessBase"]
[SourceQuality "1"]
[TimeControl "5400+30"]

1. Nf3 d5 2. d4 Nf6 3. Bf4 c5 4. e3 Nc6 5. c3 Qb6 6. Qb3 c4 7. Qc2 Bf5 8. Qc1 h6 9. h3 e6 10. Nbd2 Rc8 11. Be2 Be7 12. O-O O-O 13. Bd1 Qd8 14. a4 Bd6 15. Bxd6 Qxd6 16. Bc2 Rfe8 17. Re1 Bxc2 18. Qxc2 a6 19. e4 Nxe4 20. Nxe4 dxe4 21. Rxe4 b5 22. axb5 axb5 23. Ne5 Nxe5 24. Rxe5 Ra8 25. Rae1 Reb8 26. Qe4 Ra2 27. d5 exd5 28. Rxd5 Qb6 29. Qb1 Ra7 30. Qf5 Rab7 31. Rd7 Rxd7 32. Qxd7 Qd8 33. Re7 Qxd7 34. Rxd7 Re8 35. Kf1 Re5 36. Rd4 g5 37. f4 gxf4 38. Rxf4 Kg7 39. Rd4 Kg6 40. Kf2 h5 1/2-1/2

[Event "XLIV Sevilla Open 2019"]
[Site "Sevilla"]
[Date "2019.01.17"]
[Round "7"]
[White "Iniyan, P."]
[Black "Blanco Acevedo, Cristobal Jose"]
[Result "1-0"]
[ECO "D53"]
[WhiteElo "2456"]
[BlackElo "2397"]
[Annotator "ChessBase"]
[PlyCount "123"]
[EventDate "2019.01.11"]
[EventType "swiss"]
[EventCountry "ESP"]
[SourceTitle "playchess.com"]
[Source "ChessBase"]
[SourceQuality "1"]
[TimeControl "5400+30"]

1. d4 Nf6 2. c4 e6 3. Nc3 d5 4. Bg5 Be7 5. e3 c6 6. Nf3 Nbd7 7. Rc1 h6 8. Bh4 g5 9. Bg3 Nh5 10. Be5 f6 11. Bd3 Kf8 12. Bg3 Kg7 13. a3 Nxg3 14. hxg3 Nf8 15. Qc2 Bd7 16. cxd5 cxd5 17. e4 dxe4 18. Bxe4 g4 19. Nd2 f5 20. Bxb7 Rb8 21. Ba6 Qb6 22. Qd3 Ng6 23. b4 Bg5 24. Rc2 e5 25. Nb3 e4 26. Qc4 e3 27. Nc5 exf2+ 28. Kxf2 f4 29. Nxd7 fxg3+ 30. Ke1 Rbe8+ 31. Ne2 Qd6 32. Qc7 Qxc7 33. Rxc7 Re7 34. Nc5 Rxc7 35. Ne6+ Kf6 36. Nxc7 Nh4 37. Nd5+ Kg7 38. Nxg3 Re8+ 39. Kf2 Rf8+ 40. Ke2 Nxg2 41. Nh5+ Kh8 42. Rg1 Re8+ 43. Kd1 Nh4 44. Rxg4 Nf3 45. Be2 Nh4 46. Ndf4 Nf5 47. Rxg5 hxg5 48. Ng6+ Kh7 49. Nf6+ Kxg6 50. Nxe8 Nxd4 51. Nd6 Kf6 52. Nb5 Nc6 53. Bf3 Ne5 54. Bd5 Nd3 55. Nxa7 Ke5 56. Bg2 g4 57. b5 Nb2+ 58. Kc2 Nc4 59. Kb3 Ne3 60. b6 Kd6 61. Nb5+ Kd7 62. b7 1-0

[Event "XLIV Sevilla Open 2019"]
[Site "Sevilla"]
[Date "2019.01.17"]
[Round "7"]
[White "Starostits, Ilmars"]
[Black "Priyanka Nutakki"]
[Result "1-0"]
[ECO "A46"]
[WhiteElo "2442"]
[BlackElo "2195"]
[Annotator "NA"]
[PlyCount "65"]
[EventDate "2019.01.11"]
[EventType "swiss"]
[EventCountry "ESP"]
[SourceTitle "playchess.com"]
[Source "ChessBase"]
[SourceQuality "1"]
[TimeControl "5400+30"]

1. d4 e6 2. Nf3 Nf6 3. e3 c5 4. Bd3 b6 5. O-O Bb7 6. Nbd2 Be7 7. b3 O-O 8. Bb2 cxd4 9. exd4 d6 10. Re1 Nbd7 11. Nf1 Rc8 12. c4 Re8 13. Ng3 Nf8 14. d5 exd5 15. Nf5 Ne6 16. cxd5 Bxd5 17. Ba6 Rc5 18. b4 Bxf3 19. Qxf3 Ng5 20. Qd3 Rc7 21. Bb5 Rf8 22. Nxg7 Kxg7 23. Qg3 Kh6 24. h4 Rg8 25. hxg5+ Rxg5 26. Qh3+ Kg7 27. Bd3 Kg8 28. Qh6 Rg6 29. Bxg6 fxg6 30. Re6 Rc2 31. Bxf6 Bxf6 32. Rae1 Be5 33. Rxg6+ 1-0

[Event "XLIV Sevilla Open 2019"]
[Site "Sevilla"]
[Date "2019.01.17"]
[Round "7"]
[White "Dhulipalla Bala Chandra Prasa"]
[Black "Pereira Figueroa, Manuel"]
[Result "1-0"]
[ECO "A48"]
[WhiteElo "2341"]
[BlackElo "2108"]
[Annotator "NA"]
[PlyCount "49"]
[EventDate "2019.01.11"]
[EventType "swiss"]
[EventCountry "ESP"]
[SourceTitle "playchess.com"]
[Source "ChessBase"]
[SourceQuality "1"]
[TimeControl "5400+30"]

1. d4 Nf6 2. Nf3 g6 3. Bf4 Bg7 4. e3 O-O 5. Be2 d6 6. O-O b6 7. h3 c5 8. a4 a6 9. Nbd2 Bb7 10. c3 Nbd7 11. Bh2 Ne4 12. Re1 Nxd2 13. Nxd2 Nf6 14. Bd3 Re8 15. e4 cxd4 16. cxd4 Nd7 17. Nf3 Qb8 18. Qb3 h6 19. Rac1 e5 20. Bc4 Rf8 21. dxe5 dxe5 22. Nh4 Nc5 23. Qxb6 Nxe4 24. Nxg6 Re8 25. Bxf7+ 1-0

[Event "XLIV Sevilla Open 2019"]
[Site "Sevilla"]
[Date "2019.01.17"]
[Round "7"]
[White "Esquivias Quintero, Luis Manuel"]
[Black "Tadevosyan, Aspet"]
[Result "1-0"]
[ECO "B90"]
[WhiteElo "2293"]
[BlackElo "2105"]
[Annotator "NA"]
[PlyCount "83"]
[EventDate "2019.01.11"]
[EventType "swiss"]
[EventCountry "ESP"]
[SourceTitle "playchess.com"]
[Source "ChessBase"]
[SourceQuality "1"]
[TimeControl "5400+30"]

1. e4 c5 2. Nf3 d6 3. d4 cxd4 4. Nxd4 Nf6 5. Nc3 a6 6. Be3 e5 7. Nf3 Qc7 8. a4 Be7 9. Be2 h6 10. a5 O-O 11. O-O Be6 12. Nd5 Nxd5 13. exd5 Bf5 14. c4 Nd7 15. b4 Bh7 16. Nd2 f5 17. f3 Nf6 18. Qb3 Kh8 19. Rac1 Qd7 20. Kh1 g5 21. Rfd1 g4 22. Bxh6 Rg8 23. c5 gxf3 24. Nxf3 Ng4 25. Be3 Nxe3 26. Qxe3 f4 27. c6 bxc6 28. dxc6 Qxc6 29. Rxc6 fxe3 30. Rxa6 Rxa6 31. Bxa6 Rb8 32. b5 e2 33. Rd2 e4 34. Rxe2 exf3 35. Rxe7 f2 36. b6 Rc8 37. h3 Rc1+ 38. Kh2 f1=Q 39. Bxf1 Rxf1 40. a6 Ra1 41. b7 Rb1 42. a7 1-0

[Event "XLIV Sevilla Open 2019"]
[Site "Sevilla"]
[Date "2019.01.17"]
[Round "7"]
[White "Diaz Castro, Sergio"]
[Black "Sobrino Forte, Alvaro"]
[Result "1/2-1/2"]
[ECO "A06"]
[WhiteElo "2252"]
[BlackElo "1955"]
[Annotator "NA"]
[PlyCount "60"]
[EventDate "2019.01.11"]
[EventType "swiss"]
[EventCountry "ESP"]
[SourceTitle "playchess.com"]
[Source "ChessBase"]
[SourceQuality "1"]
[TimeControl "5400+30"]

1. Nf3 d5 2. b3 Bg4 3. g3 Bxf3 4. exf3 Nf6 5. f4 e6 6. Bg2 g6 7. Bb2 Bg7 8. O-O O-O 9. d4 Nbd7 10. c4 c6 11. Nd2 a5 12. c5 b6 13. cxb6 Qxb6 14. Nf3 Rfc8 15. Ne5 c5 16. dxc5 Nxc5 17. Bd4 Qb5 18. Re1 Nfd7 19. Rc1 Nxe5 20. fxe5 Nd7 21. Re3 Qb7 22. f4 Bf8 23. Rec3 Bb4 24. Rxc8+ Rxc8 25. Bf1 Bc5 26. Bxc5 Rxc5 27. Rxc5 Nxc5 28. Kh1 Kg7 29. Kg1 Kg8 30. Kh1 Kg7 1/2-1/2

[Event "XLIV Sevilla Open 2019"]
[Site "Sevilla"]
[Date "2019.01.17"]
[Round "7"]
[White "Rodriguez Del Cerro, Ricardo"]
[Black "Polivanov, Anatoliy"]
[Result "1/2-1/2"]
[ECO "A10"]
[WhiteElo "2139"]
[BlackElo "2374"]
[Annotator "NA"]
[PlyCount "60"]
[EventDate "2019.01.11"]
[EventType "swiss"]
[EventCountry "ESP"]
[SourceTitle "playchess.com"]
[Source "ChessBase"]
[SourceQuality "1"]
[TimeControl "5400+30"]

1. c4 f5 2. e3 Nf6 3. Nf3 e6 4. b3 Be7 5. Be2 O-O 6. O-O d6 7. d4 Ne4 8. Bb2 Nd7 9. Nbd2 d5 10. a4 a5 11. Ne1 c6 12. f3 Nxd2 13. Qxd2 Bb4 14. Bc3 Bd6 15. c5 Bc7 16. Nd3 Qh4 17. f4 Nf6 18. Qe1 Qh6 19. Ne5 g5 20. fxg5 Qxg5 21. Rf3 Kh8 22. Rg3 Qh6 23. Rh3 Qg5 24. Rg3 Qh6 25. Rh3 Qg5 26. Rg3 Qh6 27. Rh3 Qg5 28. Rg3 Qh6 29. Rh3 Qg5 30. Rg3 Qh6 1/2-1/2

[Event "XLIV Sevilla Open 2019"]
[Site "Sevilla"]
[Date "2019.01.17"]
[Round "7"]
[White "Bub, Volker"]
[Black "Estremera Panos, Sergio"]
[Result "0-1"]
[ECO "B20"]
[WhiteElo "2108"]
[BlackElo "2310"]
[Annotator "NA"]
[PlyCount "82"]
[EventDate "2019.01.11"]
[EventType "swiss"]
[EventCountry "ESP"]
[SourceTitle "playchess.com"]
[Source "ChessBase"]
[SourceQuality "1"]
[TimeControl "5400+30"]

1. e4 c5 2. d3 Nc6 3. g3 g6 4. Bg2 Bg7 5. f4 d6 6. Nf3 Nf6 7. O-O O-O 8. Nc3 Rb8 9. h3 b5 10. a3 a5 11. Be3 Nd7 12. Rb1 b4 13. axb4 axb4 14. Ne2 Ba6 15. b3 Bb7 16. g4 Ra8 17. Qd2 Ra2 18. f5 Qb6 19. Kh1 Nd4 20. Nexd4 cxd4 21. Bh6 Rc8 22. Rbc1 Bh8 23. Qf2 d5 24. Nh4 Ne5 25. fxg6 hxg6 26. exd5 Qd6 27. Bf4 Bxd5 28. Bxe5 Bxe5 29. Bxd5 Qxd5+ 30. Qf3 Qxf3+ 31. Nxf3 Bf4 32. Ra1 Rxa1 33. Rxa1 Rxc2 34. Nxd4 Rh2+ 35. Kg1 Rxh3 36. Ne2 Bd6 37. Rd1 Rh4 38. Kg2 Rxg4+ 39. Kf3 Rh4 40. Rc1 f5 41. Rc4 Rh3+ 0-1